 Dungeon Crawl Stone Soup version 0.28.0-53-g5a82cb258f (webtiles) character file.

Game seed: 15756326936579138875

2478 Peloso the Carver (level 9, -19/78 HPs)
             Began as a Minotaur Fighter on May 26, 2022.
             Was an Initiate of Okawaru.
             Demolished by a boulder beetle (31 damage)
             ... on level 7 of the Dungeon.
             The game lasted 00:12:14 (7949 turns).

Peloso the Carver (Minotaur Fighter)                Turns: 7949, Time: 00:12:15

Health: -19/78     AC: 20    Str: 23    XL:     9   Next: 27%
Magic:  8/8        EV:  7    Int:  5    God:    Okawaru [......]
Gold:   310        SH:  5    Dex: 12    Spells: 8/8 levels left

rFire   . . .      SeeInvis .   a - +0 long sword
rCold   . . .      Faith    .   c - +0 buckler
rNeg    . . .      Spirit   .   r - +1 plate armour
rPois   .          Reflect  .   (helmet restricted)
rElec   .          Harm     .   (no cloak)
rCorr   .          Rampage  .   l - +0 pair of gloves
Will    .....                   (no boots)
Stlth   ..........              (no amulet)
HPRegen 0.23/turn               j - +4 ring of protection
MPRegen 0.11/turn               (no ring)

@: hasted, very quick
A: horns 2, retaliatory headbutt
a: Renounce Religion


You were on level 7 of the Dungeon.
You worshipped Okawaru.
Okawaru was noncommittal.
You visited 2 branches of the dungeon, and saw 8 of its levels.

You collected 357 gold pieces.
You spent 47 gold pieces at shops.

Inventory:

Hand Weapons
 a - a +0 long sword (weapon)
Armour
 b - a +0 scale mail
 c - a +0 buckler (worn)
 k - a +0 chain mail
 l - a +0 pair of gloves (worn)
 r - a +1 plate armour (worn)
Jewellery
 j - a +4 ring of protection (left hand)
 x - the ring "Jedol" {Fly rF- rC++}
   (You found it on level 7 of the Dungeon)

   [ring of flight]

   rF:        It makes you vulnerable to fire.
   rC:        It greatly protects you from cold.
   Fly:       It grants you flight.
Wands
 f - a wand of acid (3)
 q - a wand of polymorph (11)
 u - a wand of mindburst (27)
Scrolls
 e - 2 scrolls of enchant weapon
 m - a scroll of fear {unknown}
 n - a scroll of magic mapping {unknown}
 o - 2 scrolls of enchant armour
 p - 3 scrolls of identify
 v - a scroll of amnesia {unknown}
 w - a scroll of fog {unknown}
Potions
 h - 2 potions of ambrosia
 s - 2 potions of curing
 t - 2 potions of heal wounds {unknown}


   Skills:
 + Level 6.7 Fighting
 + Level 10.1 Long Blades
 + Level 0.1 Throwing
 + Level 8.5 Armour
 + Level 3.0 Dodging
 + Level 0.7 Stealth
 + Level 5.9 Shields


You had 8 spell levels left.
You didn't know any spells.
Your spell library contained the following spells:

 Spells                   Type           Power      Damage    Failure   Level
 Freeze                   Ice            0%         1d3       100%        1
 Static Discharge         Conj/Air       0%         N/A       100%        2
 Frozen Ramparts          Ice            0%         1d2       100%        3
 Hailstorm                Conj/Ice       0%         3d3       100%        4
 Lightning Bolt           Conj/Air       0%         1d11      100%        5
 Maxwell's Capacitive Co  Air            0%         ∞         100%        8


Dungeon Overview and Level Annotations

Branches:
Dungeon (7/15)             Temple (1/1) D:6

Altars:
Ashenzari
Cheibriados
Dithmenos
Elyvilon
Fedhas
Hepliaklqana
Kikubaaqudgha
Makhleb
Okawaru
Qazlal
Ru
Trog
Uskayaw
Vehumet
Wu Jian
Yredelemnul
Zin

Shops:
D:4 [   D:6 *

Annotations:
D:2 1 runed translucent door, Crazy Yiuf
D:3 1 runed translucent door, jaiteiro's ghost, amateur OpEE
D:5 2 runed translucent doors, hitsuchi's ghost, novice DgCj


Innate Abilities, Weirdness & Mutations

You have a pair of horns on your head.
You reflexively headbutt those who attack you in melee.


Message History

You miss something. Something hits you but does no damage.
A boulder beetle comes into view.
You block something's attack. The boulder beetle barely misses you.
You furiously retaliate!
You headbutt the boulder beetle, but do no damage.
You miss something. You headbutt something.
Something hits you but does no damage. The boulder beetle bites you!
A gnoll sergeant comes into view. It is wielding a +1 antimagic trident.
Something hits you!
You see here the ring "Jedol" {Fly rF- rC++}.
x - the ring "Jedol" {Fly rF- rC++} Something hits you.
The boulder beetle waves its antennae.
The boulder beetle bites you. What are your orders? t - Shout!
Orders for allies: a - Attack new target. r - Retreat! s - Stop attacking. g - Guard the area. f - Follow me.
Anything else - Cancel.
Okay, then.
As you read the scroll labelled CIXIRI FUBUZ, it crumbles to dust.
It is a scroll of enchant armour.
Your +0 plate armour glows green for a moment.
The boulder beetle bites you.
You feel yourself speed up. The boulder beetle bites you!
* * * LOW HITPOINT WARNING * * *
Blink to where?
Press: ? - help, Dir - move target
As you read the scroll labelled FIKOUZ MUECZU, it crumbles to dust.
It was a scroll of blinking.
The boulder beetle curls into a ball and begins rolling!
Okay, then.
There is an open door, spattered with blood here.
As you read the scroll labelled MAQOBY ZUEZ, it crumbles to dust.
Your body is wracked with pain!
* * * LOW HITPOINT WARNING * * *
It was a scroll of torment.
The boulder beetle hits you!!
You die...

..## ##.###.#.##...## # #..#
#§#.##...#...## ##.##
##g####.##..## ##..#
#g..#°B○#.#...# ....##
########°##...# #....#.
#°.##...###
#.##.##.#########○##......#
#.##..##..#...#.B##.......#
#.###..#...#.#..@#...#....#
.......##.#...#.##...#..#.#######
#####...#..#.#..#..###...........
###.###...###.........#######
#..#.#.#.#..####....#
##.##...##.## #..#.# #..##.##..#
#....# ##)##.##.## ##.###
#..#.#..#######.###


You could see a boulder beetle (rolling).

Vanquished Creatures
  2 vampire mosquitoes (Temple)
  A water moccasin (D:7)
  2 black bears
  4 ogres
  A necrophage (D:6)
  3 centaurs
  A bullfrog (D:6)
  A water moccasin skeleton (D:5)
  4 killer bees
  A howler monkey (D:7)
  3 wights
  2 jellies
  4 hounds
  3 centaur skeletons (D:7)
  Jessica (D:2)
  2 iguanas
  5 orc wizards
  A killer bee zombie (D:5)
  3 hound skeletons
  3 gnolls (D:5)
  14 adders
  3 white imps
  2 ufetubi
  3 worms
  3 dart slugs
  19 orcs
  6 bats
  6 endoplasms
  3 giant cockroaches
  6 hobgoblins
  3 jackals (D:2)
  4 quokkas
  8 ball pythons
  7 goblins
  5 kobolds
  3 rats
142 creatures vanquished.

Notes
Turn   | Place    | Note
-------+----------+-------------------------------------------
     0 | D:1      | Peloso the Minotaur Fighter began the quest for the Orb.
     0 | D:1      | Reached XP level 1. HP: 19/19 MP: 0/0
    90 | D:1      | Reached XP level 2. HP: 25/27 MP: 1/1
   445 | D:1      | Reached XP level 3. HP: 30/33 MP: 2/2
   456 | D:1      | Found a faded altar of an unknown god.
   739 | D:2      | Noticed Jessica
   748 | D:2      | Killed Jessica
   749 | D:2      | Reached skill level 3 in Long Blades
   837 | D:2      | Reached XP level 4. HP: 40/40 MP: 3/3
   850 | D:2      | Found a runed translucent door.
   851 | D:2      | Noticed Crazy Yiuf
  1443 | D:3      | Reached skill level 5 in Armour
  1482 | D:3      | Reached XP level 5. HP: 18/47 MP: 4/4
  1493 | D:3      | Reached skill level 4 in Long Blades
  1788 | D:3      | Found a runed translucent door.
  1791 | D:3      | Noticed jaiteiro's ghost (amateur OpEE)
  1844 | D:3      | Noticed a black bear
  1857 | D:3      | Killed a black bear
  1858 | D:3      | Reached skill level 1 in Dodging
  2104 | D:3      | Reached XP level 6. HP: 53/53 MP: 5/5
  2517 | D:4      | Reached skill level 5 in Long Blades
  2850 | D:4      | Reached XP level 7. HP: 53/60 MP: 6/6
  3037 | D:4      | Found Pidair's Antique Armour Shop.
  3181 | D:4      | Reached skill level 5 in Fighting
  3181 | D:4      | Reached skill level 6 in Long Blades
  3788 | D:5      | Entered Level 5 of the Dungeon
  3967 | D:5      | Reached skill level 7 in Long Blades
  4265 | D:5      | Found a snail-covered altar of Cheibriados.
  4382 | D:4      | Reached skill level 5 in Shields
  4382 | D:4      | Reached XP level 8. HP: 26/70 MP: 7/7
  4897 | D:5      | Reached skill level 8 in Long Blades
  5059 | D:5      | Found a large runed translucent door.
  5059 | D:5      | Found a large runed translucent door.
  5181 | D:5      | Found a glowing silver altar of Zin.
  5315 | D:5      | Noticed hitsuchi's ghost (novice DgCj)
  5425 | D:6      | Found an ornate altar of the Wu Jian Council.
  5457 | D:6      | Found an ancient bone altar of Kikubaaqudgha.
  5942 | D:6      | Reached skill level 9 in Long Blades
  6083 | D:6      | Found a staircase to the Ecumenical Temple.
  6093 | Temple   | Entered the Ecumenical Temple
  6151 | Temple   | Became a worshipper of Warmaster Okawaru
  6203 | Temple   | Reached XP level 9. HP: 8/78 MP: 8/8
  6541 | D:6      | Found Ytium's Assorted Antiques.
  6881 | D:6      | Bought a scroll labelled FIKOUZ MUECZU for 25 gold pieces
  6881 | D:6      | Bought a blue potion for 22 gold pieces
  6970 | D:6      | Found a blossoming altar of Fedhas.
  7756 | D:7      | Found a hazy altar of Hepliaklqana.
  7931 | D:7      | Reached skill level 10 in Long Blades
  7936 | D:7      | Noticed a boulder beetle
  7938 | D:7      | Identified the ring "Jedol" {Fly rF- rC++}
  7949 | D:7      | Demolished by a boulder beetle

Illustrated notes

Levels and vault maps discovered:
D:1:      minmay_arrival_diagonal_passages, layout_basic,
          shapermc_ecumenical_altar_totnotflames
D:2:      layout_loops_ring, uniq_crazy_yiuf_cottage, uniq_jessica
D:3:      wad_river_or_something, layout_rooms, ebering_ghost_sewer_d
D:4:      layout_loops_cross, serial_shops, shop_statue,
          minmay_misc_feat_diagonals, eino_small_chamber_without_monster
D:5:      layout_gridville, mainiacjoe_overflow_cross_hatched,
          kennysheep_slug_shrine, ebering_ghost_disaster_area
D:6:      layout_basic, kiku_gazebo_garden_becter, fedhas_altar_4,
          nicolae_wu_jian_wuxing_cycle, minmay_temple_entry_stoned_glass,
          serial_shops, nicolae_inconvenience_store
D:7:      minmay_the_grid_triangle_9x9_recursive_2
          [minmay_the_grid_triangle_9x9_prize_special,
          minmay_the_grid_triangle_9x9_zippers_horizontal,
          minmay_the_grid_triangle_9x9_skeleton,
          minmay_the_grid_triangle_9x9_zippers_vertical], layout_loops_corners,
          nzn_hepliaklqana_mist_gate, serial_bayou_pond_e
Temple:   hc_temple_tempest_star

Skill      XL: |  1  2  3  4  5  6  7  8  9 |
---------------+----------------------------+-----
Fighting       | 4 5 6 |  6.7
Armour         | 4 5 6 8 |  8.5
Shields        | 4 5 |  5.9
Long Blades    | 3 4 5 7 9 10 | 10.1
Dodging        | 1 2 3 |  3.0
Throwing       | |  0.1
Stealth        | |  0.7

Action                   |  1- 3 |  4- 6 |  7- 9 || total
-------------------------+-------+-------+-------++-------
Melee: Long sword        |    76 |   102 |   277 ||   455
       Headbutt          |     7 |    17 |    48 ||    72
Throw: Throwing net      |     1 |       |     1 ||     2
  Use: Potion            |     1 |       |     3 ||     4
       Scroll            |       |     1 |     8 ||     9
Armor: Scale mail        |    43 |    30 |       ||    73
       Chain mail        |       |    34 |    76 ||   110
       Plate armour      |       |       |   121 ||   121
Dodge: Dodged            |    37 |    59 |   116 ||   212
Block: Buckler           |    25 |    28 |    66 ||   119
